 Dungeon Crawl Stone Soup version 0.18.1-1-g2f07953 (webtiles) character file.

7961 protoss039 the Nimble (level 11, -2/99 HPs)
             Began as a Minotaur Berserker on May 6, 2016.
             Was a High Priest of Trog.
             Killed by divine providence
             ... invoked by an orc priest
              (11 damage)
             ... on level 2 of the Orcish Mines.
             The game lasted 01:09:54 (9796 turns).

protoss039 the Nimble (Minotaur Berserker)          Turns: 9796, Time: 01:09:55

Health: -2/99      AC:  9    Str: 25    XL:     11   Next: 3%
Magic:  10/10      EV: 18    Int:  4    God:    Trog [*****.]
Gold:   689        SH:  0    Dex: 12    Spells: 0 memorised, 10 levels left

rFire  . . .     SeeInvis .     B - +3 battleaxe
rCold  + + .     Gourm    +     y - +3 leather armour {rC+}
rNeg   . . .     Faith    .     (shield currently unavailable)
rPois  .         Spirit   .     (helmet restricted)
rElec  .         Dismiss  .     i - +0 cloak
rCorr  .         Reflect  .     o - +0 pair of gloves
SustAt .         Harm     .     A - +0 pair of boots
MR     +....                    I - amulet of the gourmand
Stlth  +++.......               (no ring)
                                s - ring of protection from cold

@: exhausted, vulnerable, very slightly contaminated, regenerating, slowed,
invisible, very slow, somewhat resistant to hostile enchantments, fairly
stealthy
A: retaliatory headbutt, horns 2, thin skeletal structure 1, deformed body,
mutation resistance 1, regeneration 1
a: Berserk, Trog's Hand, Brothers in Arms, Burn Spellbooks, Renounce Religion


You were on level 2 of the Orcish Mines.
You worshipped Trog.
Trog was extremely pleased with you.
You were full.

You visited 2 branches of the dungeon, and saw 12 of its levels.

You collected 731 gold pieces.
You spent 42 gold pieces at shops.

Inventory:

Hand Weapons
 B - a +3 battleaxe (weapon)
Missiles
 j - 2 throwing nets (quivered)
Armour
 i - a +0 cloak (worn)
 o - a +0 pair of gloves (worn)
 y - a +3 leather armour of cold resistance (worn)
 A - a +0 pair of boots (worn)
Jewellery
 s - a ring of protection from cold (left hand)
 H - an uncursed ring of resist corrosion {unknown}
 I - an amulet of the gourmand (around neck)
Wands
 q - a wand of paralysis (1/24)
 t - a wand of lightning (9/15)
 v - a wand of slowing (38/48)
 x - a wand of teleportation (1/9)
 L - a wand of iceblast (4/15)
Scrolls
 d - a scroll of identify
 p - a scroll of magic mapping
 F - a scroll of blinking
 G - 2 scrolls of recharging
Potions
 e - 3 potions of agility
 g - a potion of brilliance
 h - a potion of resistance {unknown}
 m - a potion of might
 r - 2 potions of magic
 u - a potion of ambrosia {unknown}
 w - a potion of lignification
 z - a potion of haste
 E - 2 potions of cure mutation {unknown}
 J - a potion of berserk rage {unknown}
Comestibles
 a - 2 beef jerkies
 c - 4 bread rations
 f - 2 slices of pizza
 n - a fruit
 C - 3 meat rations


   Skills:
 + Level 9.9 Fighting
   Level 4.1 Short Blades
 + Level 7.4(8.0) Axes
   Level 4.3(6.4) Polearms
 + Level 6.8 Armour
 + Level 11.7 Dodging
 + Level 4.7 Stealth
 + Level 0.6 Evocations


You had 10 spell levels left.
You didn't know any spells.

Dungeon Overview and Level Annotations

Branches:
Dungeon (10/15)            Temple (0/1) D:4             Orc (2/2) D:10
   Lair: D:8-11         Elf: Orc:2

Altars:
Cheibriados
Fedhas
Nemelex Xobeh
Okawaru
Pakellas
Qazlal
Sif Muna
Trog
Xom

Shops:
D:8 *


Innate Abilities, Weirdness & Mutations

You reflexively headbutt those who attack you in melee.
You have a pair of horns on your head.
You have a somewhat thin skeletal structure (Dex +2, Stealth).
Armour fits poorly on your strangely shaped body.
You are somewhat resistant to further mutation.
Your natural rate of healing is unusually fast.


Message History

Zapping:
q - a wand of paralysis {zapped: 14} (will waste charges)
Press: ? - help, Shift-Dir - straight line, f - orc warrior
Aim: an orc warrior, wielding a glaive and wearing a chain mail (susceptible to magic, chance to defeat MR: 55%)
The orc warrior suddenly stops moving!
Evoking this partially-identified wand wasted a few charges.
Zapping:
q - a wand of paralysis {zapped: 16} (will waste charges)
Press: ? - help, Shift-Dir - straight line, f - orc priest, p - orc warrior
Aim: an orc priest, wielding a short sword (chance to defeat MR: 47%)
The orc priest resists with some effort.
Evoking this partially-identified wand wasted a few charges.
The orc priest completely misses you. You furiously retaliate!
You headbutt the orc priest.
Zapping:
q - a wand of paralysis {zapped: 19} (will waste charges)
Press: ? - help, Shift-Dir - straight line, f/p - orc priest
Aim: an orc priest, wielding a short sword (moderately wounded, chance to defeat MR: 47%)
The orc priest resists with some effort.
Evoking this partially-identified wand wasted a few charges.
The orc priest invokes the aid of Beogh against you.
Beogh smites you!
You die...

.. .... ....#
#....#
....3o######
.$......##@##
.........o)[#
.#.....o.##
#...<...#
#.........#
...........##
$.........##
.........##
........##


You could see an orc warrior (paralysed) and an orc priest.

Vanquished Creatures
  An orc high priest (Orc:2)
  Pikel (D:8)
  A hill giant (D:10)
  An orc sorcerer (Orc:2)
  A gargoyle (D:9)
  Prince Ribbit (D:8)
  Sigmund (D:2)
  3 yaks (D:9)
  Eustachio (D:4)
  2 hungry ghosts (D:10)
  2 hippogriffs (D:8)
  An ice beast (D:10)
  2 orc warriors (Orc:1)
  4 sky beasts
  5 phantoms
  A necrophage (D:5)
  4 slaves (D:8)
  6 ogres
  6 giant frogs
  A gnoll sergeant (D:8)
  Blork the orc (D:5)
  3 troll zombies (D:10)
  5 killer bees (D:7)
  10 wights
  4 howler monkeys (D:7)
  2 centaur zombies
  6 crimson imps
  2 hounds
  A quasit (D:8)
  An orc priest (Orc:1)
  A giant frog skeleton (D:7)
  4 jellies
  7 orc wizards
  2 iguanas
  4 worker ants
  A killer bee zombie (D:9)
  3 ogre zombies (D:10)
  5 gnolls (D:8)
  10 adders
  2 shadow imps
  An ooze (D:2)
  An adder skeleton (D:5)
  An adder zombie (D:6)
  2 worms
  2 dart slugs
  7 giant geckos
  33 orcs
  2 ball pythons
  10 bats
  9 giant cockroaches
  6 goblins
  5 hobgoblins
  5 jackals
  4 quokkas
  12 giant newts
  4 goblin zombies (D:10)
  A hobgoblin skeleton (D:10)
  9 kobolds
  3 orc skeletons (D:10)
  11 orc zombies (D:10)
  A quokka skeleton (D:4)
  A quokka zombie (D:8)
  8 rats
  A bush (D:2)
  A fungus (D:9)
  2 plants (D:2)
261 creatures vanquished.

Vanquished Creatures (others)
  An orc priest (Orc:2)
1 creature vanquished.

Grand Total: 262 creatures vanquished

Notes
Turn   | Place    | Note
--------------------------------------------------------------
     0 | D:1      | protoss039 the Minotaur Berserker began the quest for the Orb.
     0 | D:1      | Reached XP level 1. HP: 19/19 MP: 0/0
   170 | D:1      | Reached XP level 2. HP: 23/27 MP: 1/1
   406 | D:1      | Reached ** piety under Trog
   555 | D:1      | Reached XP level 3. HP: 30/33 MP: 2/2
  1295 | D:2      | Found a snail-covered altar of Cheibriados.
  1410 | D:2      | Found a bloodstained altar of Trog.
  1674 | D:2      | Reached skill level 3 in Dodging
  1821 | D:2      | Noticed Sigmund
  1831 | D:2      | Killed Sigmund
  1831 | D:2      | Reached skill level 5 in Fighting
  1831 | D:2      | Reached skill level 4 in Dodging
  1831 | D:2      | Reached XP level 4. HP: 42/42 MP: 3/3
  1831 | D:2      | Reached XP level 5. HP: 48/48 MP: 4/4
  1906 | D:3      | Reached *** piety under Trog
  1937 | D:3      | Found an oddly glowing altar of Pakellas.
  2721 | D:4      | Reached XP level 6. HP: 47/56 MP: 5/5
  2802 | D:4      | Gained mutation: You have a somewhat thin skeletal structure (Dex +2, Stealth). [potion of mutation]
  2802 | D:4      | Gained mutation: Armour fits poorly on your strangely shaped body. [potion of mutation]
  2959 | D:4      | Found a staircase to the Ecumenical Temple.
  3067 | D:4      | Noticed Eustachio
  3088 | D:4      | Killed Eustachio
  3088 | D:4      | Reached skill level 1 in Short Blades
  3107 | D:4      | Gained mutation: Your natural rate of healing is unusually fast. [potion of beneficial mutation]
  3276 | D:4      | Reached skill level 1 in Stealth
  3563 | D:5      | Entered Level 5 of the Dungeon
  3573 | D:5      | Reached skill level 5 in Dodging
  3611 | D:5      | Reached XP level 7. HP: 53/61 MP: 6/6
  3701 | D:5      | Reached skill level 5 in Armour
  3714 | D:5      | Reached skill level 6 in Dodging
  3794 | D:5      | Reached **** piety under Trog
  4028 | D:5      | Noticed Blork the orc
  4042 | D:5      | Killed Blork the orc
  4126 | D:5      | Reached XP level 8. HP: 68/70 MP: 7/7
  4316 | D:5      | Reached skill level 7 in Dodging
  5430 | D:7      | Reached skill level 8 in Dodging
  5605 | D:7      | Found a sparkling altar of Nemelex Xobeh.
  5749 | D:7      | Found a bloodstained altar of Trog.
  6121 | D:7      | Reached XP level 9. HP: 78/78 MP: 8/8
  6280 | D:7      | Reached skill level 9 in Dodging
  6282 | D:7      | Reached skill level 1 in Polearms
  6295 | D:7      | Gained mutation: You are somewhat resistant to further mutation. [mutagenic meat]
  6591 | D:7      | Found a deep blue altar of Sif Muna.
  6763 | D:8      | Noticed Prince Ribbit
  6769 | D:8      | Noticed Pikel
  6921 | D:8      | Killed Prince Ribbit
  7043 | D:8      | Paralysed by Pikel for 4 turns
  7068 | D:8      | Killed Pikel
  7068 | D:8      | Reached skill level 10 in Dodging
  7192 | D:8      | Found Tiggu's General Store.
  7203 | D:8      | Bought a scroll of remove curse for 42 gold pieces
  7225 | D:8      | Reached ***** piety under Trog
  7341 | D:8      | Reached XP level 10. HP: 88/88 MP: 9/9
  7603 | D:9      | Found a stormy altar of Qazlal.
  7610 | D:9      | Found a blossoming altar of Fedhas.
  7614 | D:9      | Noticed a gargoyle
  7628 | D:9      | Killed a gargoyle
  7931 | D:9      | Reached skill level 5 in Axes
  8049 | D:9      | Reached skill level 11 in Dodging
  8196 | D:9      | Found an iron altar of Okawaru.
  8203 | D:9      | Found a shimmering altar of Xom.
  8575 | D:10     | Entered Level 10 of the Dungeon
  8583 | D:10     | Noticed a hill giant
  8594 | D:10     | Killed a hill giant
  8637 | D:10     | Found a bloodstained altar of Trog.
  8700 | D:10     | Found a staircase to the Orcish Mines.
  9009 | Orc:1    | Entered Level 1 of the Orcish Mines
  9754 | Orc:2    | Entered Level 2 of the Orcish Mines
  9754 | Orc:2    | Noticed an orc high priest
  9754 | Orc:2    | Noticed an orc sorcerer
  9756 | Orc:2    | Noticed an orange demon
  9757 | Orc:2    | Noticed a sixfirhy
  9765 | Orc:2    | Killed an orc sorcerer
  9770 | Orc:2    | Killed an orc high priest
  9770 | Orc:2    | Reached XP level 11. HP: 99/99 MP: 10/10
  9793 | Orc:2    | HP: 2/99 [orc warrior/glaive (12)]
  9796 | Orc:2    | Killed from afar by an orc priest

Skill      XL: |  1  2  3  4  5  6  7  8  9 10 |
---------------+-------------------------------+-----
Fighting       | 4 5 6 8 9 |  9.9
Axes           | 4 7 |  7.4
Dodging        | 4 5 6 8 10 11 | 11.7
Armour         | 3 4 5 6 |  6.8
Short Blades   | 1 2 4 |  4.1
Stealth        | 1 3 4 |  4.7
Polearms       | 4 |  4.3
Evocations     | |  0.6

Action                   |  1- 3 |  4- 6 |  7- 9 | 10-12 || total
-------------------------+-------+-------+-------+-------++-------
Melee: Hand axe          |    80 |       |       |       ||    80
       Headbutt          |    85 |    22 |    61 |    37 ||   205
       Dagger            |   216 |   139 |   165 |       ||   520
       Halberd           |       |       |   109 |       ||   109
       Battleaxe         |       |       |    13 |   155 ||   168
Invok: Berserk           |     1 |     2 |     8 |     3 ||    14
       Burn Spellbooks   |     1 |       |     2 |       ||     3
       Trog's Hand       |       |     1 |       |     2 ||     3
Evoke: Wand              |       |       |       |     8 ||     8
  Use: Scroll            |     4 |     3 |    12 |     2 ||    21
       Potion            |       |     3 |       |     5 ||     8
 Stab: Sleeping          |       |     1 |     2 |     7 ||    10
       Paralysed         |       |       |       |     5 ||     5
  Eat: Chunk             |     3 |     2 |    13 |    11 ||    29
       Meat ration       |       |     1 |     2 |       ||     3
       Bread ration      |       |     1 |     1 |       ||     2
       Beef jerky        |       |       |       |     4 ||     4
Armor: Animal skin       |     7 |       |       |       ||     7
       Ring mail         |    30 |    30 |       |       ||    60
       Leather armour    |       |    20 |    90 |    37 ||   147
       Skin              |       |       |       |    38 ||    38
Dodge: Dodged            |    50 |    99 |   239 |   148 ||   536
